 Dungeon Crawl Stone Soup version 0.25.0-11-g1f837a7 (webtiles) character file.

Game seed: 8159287701051971925

3615 Balder the Cleaver (level 9, -10/79 HPs)
             Began as a Minotaur Berserker on June 24, 2020.
             Was an Elder of Trog.
             Engulfed by Maggie's flame (17 damage)
             ... on level 8 of the Dungeon.
             The game lasted 00:34:53 (7859 turns).

Balder the Cleaver (Minotaur Berserker)             Turns: 7859, Time: 00:34:54

Health: -10/79     AC: 13    Str: 21    XL:     9   Next: 86%
Magic:  9/9        EV:  8    Int:  4    God:    Trog [****..]
Gold:   428        SH:  9    Dex: 14    Spells: 8/8 levels left

rFire    . . .     SeeInvis .   B - +3 hand axe (vorpal)
rCold    . . .     Gourm    .   D - +0 kite shield
rNeg     . . .     Faith    .   p - +0 chain mail
rPois    .         Spirit   .   (helmet restricted)
rElec    .         Reflect  .   (no cloak)
rCorr    .         Harm     .   j - +0 pair of gloves
MR       .....                  G - +0 pair of boots
Stlth    ..........             (no amulet)
HPRegen  0.23/turn              q - ring of flight
MPRegen  0.11/turn              (no ring)

@: mesmerised
A: retaliatory headbutt, horns 2
a: Berserk, Trog's Hand, Brothers in Arms, Renounce Religion, Evoke Flight


You were on level 8 of the Dungeon.
You worshipped Trog.
Trog was greatly pleased with you.
You were not hungry.

You visited 1 branch of the dungeon, and saw 8 of its levels.

You collected 428 gold pieces.

Inventory:

Hand Weapons
 a - a +0 hand axe
 B - a +3 vorpal hand axe (weapon)
Missiles
 o - 49 poisoned darts
 C - 15 boomerangs (quivered)
Armour
 b - a +1 pair of gloves
 j - a +0 pair of gloves (worn)
 p - a +0 chain mail (worn)
 D - a +0 kite shield (worn)
 G - a +0 pair of boots (worn)
Jewellery
 q - a ring of flight (left hand)
Wands
 s - a wand of polymorph (8)
 v - a wand of flame (17)
Scrolls
 f - a scroll of enchant weapon {unknown}
 g - 2 scrolls of teleportation {unknown}
 h - a scroll of random uselessness {unknown}
 i - 2 scrolls of amnesia {unknown}
 k - 3 scrolls of enchant armour {unknown}
 m - 2 scrolls of magic mapping {unknown}
 n - 6 scrolls of remove curse
 t - 9 scrolls of identify {unknown}
 u - 2 scrolls of fear {unknown}
 y - a scroll of noise {unknown}
 F - a scroll of fog {unknown}
Potions
 d - 2 potions of flight {unknown}
 e - 5 potions of curing
 l - a potion of mutation {unknown}
 r - 2 potions of brilliance {unknown}
 w - a potion of ambrosia {unknown}
 x - a potion of stabbing {unknown}
 A - a potion of might {unknown}
 E - a potion of magic {unknown}
 H - a potion of heal wounds {unknown}
 I - a potion of invisibility {unknown}
Comestibles
 c - 8 rations
 z - a chunk of flesh


   Skills:
 * Level 7.3 Fighting
 * Level 10.3 Axes
 * Level 4.4 Throwing
 * Level 8.4 Armour
 * Level 5.8 Dodging
 + Level 0.7 Stealth
 * Level 2.5 Shields
 * Level 1.9 Evocations


You had 8 spell levels left.
You didn't know any spells.
Your spell library contained the following spells:

 Spells                   Type           Power        Failure   Level  Hunger
 Bolt of Magma            Conj/Fire/Erth #.........   100%        5    ######.
 Iskenderun's Battlesphe  Conj/Chrm      #.......     100%        5    ######.
 Iron Shot                Conj/Erth      #.........   100%        6    #######
 Orb of Destruction       Conj           #.........   100%        7    #######
 Spellforged Servitor     Conj/Summ      #.........   100%        7    #######


Dungeon Overview and Level Annotations

Branches:
Dungeon (8/15)
 Temple: D:4-7         Lair: D:8-11

Altars:
Ashenzari
Dithmenos
Elyvilon
Kikubaaqudgha
Makhleb
Nemelex Xobeh
Ru
Uskayaw
Wu Jian
Yredelemnul
Zin
The Shining One

Shops:
D:7 !   D:8 *

Annotations:
D:3 1 runed translucent door, oshikia's ghost, amateur DsHu
D:8 Maggie


Innate Abilities, Weirdness & Mutations

You reflexively headbutt those who attack you in melee.
You have a pair of horns on your head.


Message History

You slash Maggie! You headbutt Maggie.
Maggie is heavily wounded.
You are engulfed in blazing flames.
You are too mesmerised to rage.
You slash Maggie!
Maggie is heavily wounded.
You are engulfed in blazing flames.
* * * LOW HITPOINT WARNING * * *
Maggie gestures wildly while chanting.
Maggie draws you further into her thrall.
You closely miss Maggie. You headbutt Maggie, but do no damage.
Maggie is heavily wounded.
You are engulfed in blazing flames.
* * * LOW HITPOINT WARNING * * *
Maggie mumbles some strange words.
Maggie draws you further into her thrall.
You hit Maggie. Your headbutt misses Maggie.
Maggie is severely wounded.
You are engulfed in blazing flames.
You die...

### #.####### ### ####
#........ #.. ..#
#.####### #.#
#.###.####### #@#
#.##......... #@#
#.......#####
#§####.#####.#####
#§§.>.............
############.....###.#####
#..........#.###.# #......
####.#####.#.###.#########
#.# #.......)......... #.#
#..#.....#########
#.####.÷#.##..#........


You could see Maggie (mesmerising).

Vanquished Creatures
  Menkaure (D:4)
  Duvessa (D:5)
  An orc warrior (D:8)
  5 sky beasts
  A phantom (D:4)
  6 ogres
  2 centaurs
  4 bullfrogs
  2 wyvern zombies (D:7)
  A gnoll sergeant (D:7)
  Dowan (D:5)
  A water moccasin skeleton (D:7)
  3 scorpions
  3 crimson imps
  A quasit (D:8)
  A centaur zombie (D:8)
  3 hounds
  A jelly (D:6)
  2 bullfrog skeletons
  A centaur skeleton (D:8)
  4 orc priests
  An iguana (D:5)
  Natasha (thrice) (D:3)
  9 orc wizards
  7 worker ants
  A killer bee zombie (D:8)
  2 hound skeletons (D:4)
  6 gnolls
  A howler monkey skeleton (D:6)
  15 adders
  An adder zombie (D:5)
  2 adder skeletons
  A worm (D:4)
  2 dart slugs
  7 leopard geckos
  26 orcs
  3 giant cockroaches
  7 goblins
  7 hobgoblins
  5 jackals
  9 kobolds
  4 quokkas
  4 ball pythons
  5 bats
  5 frilled lizards
  A quokka skeleton (D:7)
  8 rats
187 creatures vanquished.

Notes
Turn   | Place    | Note
-------+----------+-------------------------------------------
     0 | D:1      | Balder the Minotaur Berserker began the quest for the Orb.
     0 | D:1      | Reached XP level 1. HP: 19/19 MP: 0/0
   209 | D:1      | Reached XP level 2. HP: 21/27 MP: 1/1
   820 | D:2      | Reached skill level 4 in Axes
  1058 | D:2      | Reached XP level 3. HP: 17/33 MP: 2/2
  1225 | D:2      | Reached ** piety under Trog
  1749 | D:2      | Found a shadowy altar of Dithmenos.
  1749 | D:2      | Found a sparkling altar of Nemelex Xobeh.
  2070 | D:3      | Reached XP level 4. HP: 41/41 MP: 3/3
  2196 | D:3      | Found a glowing golden altar of the Shining One.
  2198 | D:3      | Noticed an angel
  2205 | D:3      | Found a basalt altar of Yredelemnul.
  2300 | D:3      | Noticed Natasha
  2310 | D:3      | Killed Natasha
  2433 | D:3      | Reached skill level 5 in Axes
  2433 | D:3      | Reached skill level 1 in Throwing
  2512 | D:3      | Reached XP level 5. HP: 46/47 MP: 4/4
  2533 | D:3      | Noticed Natasha
  2541 | D:3      | Killed Natasha
  2859 | D:3      | Noticed Natasha
  2863 | D:3      | Killed Natasha
  2863 | D:3      | Reached XP level 6. HP: 37/55 MP: 5/5
  3005 | D:3      | Found a runed translucent door.
  3015 | D:3      | Noticed oshikia's ghost (amateur DsHu)
  3242 | D:3      | Reached skill level 5 in Fighting
  3249 | D:3      | Reached skill level 6 in Axes
  3352 | D:3      | Reached *** piety under Trog
  3441 | D:3      | Found a shattered altar of Ashenzari.
  3534 | D:3      | Found a white marble altar of Elyvilon.
  3693 | D:4      | Found a burning altar of Makhleb.
  3981 | D:4      | Reached XP level 7. HP: 35/61 MP: 6/6
  4352 | D:4      | Noticed Menkaure
  4366 | D:4      | Killed Menkaure
  4366 | D:4      | Reached skill level 7 in Axes
  4658 | D:4      | Found an ornate altar of the Wu Jian Council.
  5017 | D:5      | Entered Level 5 of the Dungeon
  5023 | D:5      | Reached skill level 5 in Armour
  5023 | D:5      | Reached XP level 8. HP: 70/70 MP: 7/7
  5090 | D:5      | Found a glowing silver altar of Zin.
  5154 | D:5      | Reached skill level 8 in Axes
  5221 | D:5      | Found an ancient bone altar of Kikubaaqudgha.
  5258 | D:5      | Reached **** piety under Trog
  5417 | D:5      | Noticed Duvessa
  5424 | D:5      | Noticed Dowan
  5436 | D:5      | Killed Duvessa
  5445 | D:5      | Killed Dowan
  5457 | D:5      | Reached skill level 5 in Dodging
  5474 | D:5      | Found a hide-covered altar of Uskayaw.
  5479 | D:5      | You fall into a shaft and drop 1 floor!
  5657 | D:6      | Reached skill level 9 in Axes
  5937 | D:6      | Reached XP level 9. HP: 78/78 MP: 8/8
  6746 | D:7      | Found a sacrificial altar of Ru.
  6768 | D:7      | Found Zoinwaqelu's Distillery.
  6818 | D:7      | Found a glowing silver altar of Zin.
  7032 | D:8      | Reached skill level 1 in Evocations
  7109 | D:8      | Reached skill level 1 in Shields
  7116 | D:8      | Reached skill level 10 in Axes
  7139 | D:8      | Found Vaedd's Assorted Antiques.
  7386 | D:8      | Found a white marble altar of Elyvilon.
  7847 | D:8      | Noticed Maggie
  7859 | D:8      | Engulfed by Maggie's flame

Illustrated notes

Levels and vault maps discovered:
D:1:      dpeg_arrival_tiny_b, layout_basic, minmay_pentomino_z2
D:2:      layout_loops_ring, gammafunk_temple_overflow_statue, first_ration,
          wad_floor_pattern_2, hangedman_decor_growths
D:3:      layout_loops_cross, grunt_temple_overflow_holy_war, marbit_many_paths,
          cheibrodos_ashenzari_chains, ebering_ghost_reflecting_pool,
          roderic_serpentine_path, grunt_decor_one_mirror,
          minmay_divided_ellipse, uniq_natasha
D:4:      layout_basic, overflow_temple_1_default, old_standard_altar,
          uniq_menkaure
D:5:      layout_loops_corners, kennysheep_mini_moat, kiku_gazebo_pond_becter,
          nicolae_overflow_hidden_temple, eat_drink_and_be_merry_uskayaw,
          minmay_temple_entry_antechambers, basic_altar, uniq_duvessa
D:6:      layout_basic
D:7:      layout_rooms, grunt_temple_overflow_open, serial_shops, shop_statue
D:8:      layout_basic, serial_shops, shop_fountains, grunt_pizzeria,
          elyvilon_altar_5, uniq_maggie

Skill      XL: |  1  2  3  4  5  6  7  8  9 |
---------------+----------------------------+-----
Fighting       | 4 5 6 7 |  7.3
Axes           | 4 5 6 7 9 10 | 10.3
Armour         | 3 5 7 8 |  8.4
Dodging        | 3 4 5 |  5.8
Throwing       | 1 2 3 4 |  4.4
Evocations     | 1 |  1.9
Shields        | 2 |  2.5
Stealth        | |  0.7

Action                   |  1- 3 |  4- 6 |  7- 9 || total
-------------------------+-------+-------+-------++-------
Melee: Hand axe          |    89 |   154 |   391 ||   634
       Headbutt          |     8 |    29 |    78 ||   115
Throw: Dart              |       |    29 |     8 ||    37
       Boomerang         |       |       |     4 ||     4
Invok: Berserk           |     1 |     2 |     8 ||    11
       Trog's Hand       |       |     2 |     7 ||     9
  Use: Scroll            |     1 |       |       ||     1
       Potion            |       |     1 |       ||     1
 Stab: Sleeping          |       |     1 |       ||     1
  Eat: Chunk             |     4 |     9 |    16 ||    29
       Ration            |       |       |     2 ||     2
Armor: Animal skin       |    15 |    10 |       ||    25
       Chain mail        |       |    50 |   175 ||   225
Dodge: Dodged            |    67 |    98 |   141 ||   306
Block: Kite shield       |       |       |    46 ||    46
